 Dungeon Crawl Stone Soup version 0.30.1-9-gdf580d7c3d (webtiles) character file.

Game seed: 483916448451881255

414 martinvanburen the Ducker (level 6, 0/91 HPs)
             Began as a Troll Berserker on Oct 10, 2023.
             Was a Believer of Trog.
             Slain by a gnoll bouda
             ... wielding a +0 club
              (3 damage)
             ... on level 5 of the Dungeon.
             The game lasted 00:08:56 (2555 turns).

martinvanburen the Ducker (Troll Berserker)         Turns: 2555, Time: 00:08:58

Health: 0/91       AC:  4    Str: 28    XL:     6   Next: 60%
Magic:  5/5        EV: 10    Int:  3    God:    Trog [**....]
Gold:   44         SH:  0    Dex:  9    Spells: 5/5 levels left

rFire   . . .        f - +4 dagger (elec)
rCold   . . .        (no shield)
rNeg    . . .        a - +0 animal skin
rPois   .            (helmet restricted)
rElec   .            (no cloak)
rCorr   .            (gloves unavailable)
SInv    .            (boots unavailable)
Will    ++...        (no amulet) Stlth
                     (no ring)
HPRegen 2.15/turn    (no ring)
MPRegen 0.09/turn

%: no passive effects
@: berserking, strong-willed (expiring), regenerating (expiring), very quick
A: large, unfitting armour, claws 3, regeneration 1, shaggy fur 1, tough skin 1
a: Renounce Religion, Berserk, Trog's Hand


You were on level 5 of the Dungeon.
You worshipped Trog.
Trog was pleased with you.
You visited 2 branches of the dungeon, and saw 5 of its levels.

You collected 44 gold pieces.

Inventory:

Hand Weapons
 c - a +2 dagger of speed
 f - a +4 dagger of electrocution (weapon)
 l - a +1 heavy war axe
Armour
 a - a +0 animal skin (worn)
 d - a +0 ring mail
 e - a +0 pair of boots
Jewellery
 b - a ring of poison resistance
 p - a ring of ice
Scrolls
 i - 3 scrolls of identify {unknown}
 k - a scroll of blinking {unknown}
 q - a scroll of enchant armour {unknown}
 r - a scroll of fear {unknown}
Potions
 g - 4 potions of curing {unknown}
 h - a potion of invisibility {unknown}
 j - 2 potions of degeneration {unknown}
 m - a potion of ambrosia {unknown}
 n - a potion of mutation {unknown}
 o - a potion of lignification {unknown}


   Skills:
 + Level 3.3 Fighting
 + Level 3.0 Short Blades
 + Level 4.0 Dodging
 + Level 0.5 Stealth
 + Level 3.8 Unarmed Combat


You had 5 spell levels left.
You didn't know any spells.
Your spell library contained the following spells:

 Spells                   Type           Power      Damage    Failure   Level
 Gell's Gravitas          Tloc           0%         N/A       88%         3
 Teleport Other           Tloc           0%         N/A       88%         3
 Dispersal                Tloc           0%         N/A       100%        6


Dungeon Overview and Level Annotations

Branches:
Dungeon (5/15)             Temple (1/1) D:5

Altars:
Elyvilon
Fedhas
Gozag
Kikubaaqudgha
Makhleb
Nemelex Xobeh
Okawaru
Qazlal
Trog
Vehumet
Xom
Zin
The Shining One


Innate Abilities, Weirdness & Mutations

You are too large for most types of armour.
You have claws for hands.
Your natural rate of healing is unusually fast.
You are covered in fur. (AC +1)
You have tough skin. (AC +1)


Message History

You feel yourself moving faster!
You feel mighty! The gnoll hits you with a +0 whip.
The gnoll closely misses you.
The gnoll hits you from afar with a +0 halberd!
The gnoll bouda hits you with a +0 club.
* * * LOW HITPOINT WARNING * * *
You hit the gnoll.
The gnoll is moderately wounded.
The gnoll hits you with a +0 whip.
* * * LOW HITPOINT WARNING * * *
The gnoll hits you from afar with a +0 halberd!
* * * LOW HITPOINT WARNING * * *
You barely miss the gnoll.
The gnoll is moderately wounded.
The gnoll closely misses you.
The gnoll bouda hits you with a +0 club.
* * * LOW HITPOINT WARNING * * *
You puncture the gnoll! Lightning courses through the gnoll!
You kill the gnoll!
Trog accepts your kill. The gnoll barely misses you.
The gnoll hits you from afar with a +0 halberd.
* * * LOW HITPOINT WARNING * * *
The gnoll is no longer moving quickly.
The gnoll bouda hits you but does no damage.
You see here a +0 whip.
You puncture the gnoll!
You feel the power of Trog in you as your rage grows.
You kill the gnoll!
Trog accepts your kill. The gnoll closely misses you.
The gnoll bouda hits you but does no damage.
You closely miss the gnoll. You puncture the gnoll!
Lightning courses through the gnoll!
You kill the gnoll!
Trog accepts your kill.
You feel the effects of Trog's Hand fading.
The gnoll hits you with a +0 halberd!
* * * LOW HITPOINT WARNING * * *
The gnoll bouda hits you with a +0 club.
You die...

###.##.# #.# #.#
#####......#### #.# #.#
..............# #.# #.#
......#...###.# #.# #.#
####....[..<#.# #.# #.#
####..#.....#.# #.# #.#
......#.#.....###.###
#.#
###...รท.#......g#g..#
#.#
#.....#######.#)@...#
#.#
#.#..#........####..###
#.# #.#..#.########
#..>..# ###.# #.##.#.#
#.##### #...# #....#.#
#.# #######.###
######.# #.# #.......#
#.# #.# #.####### ..#
#.# #.# ### #.# #.#


You could see a gnoll bouda and a gnoll.

Vanquished Creatures
  A water moccasin (D:5)
  An ogre (D:5)
  A howler monkey (D:5)
  A sleepcap (D:5)
  7 adders
  3 gnolls (D:5)
  3 worms (D:2)
  3 dart slugs
  An orc (D:2)
  6 ball pythons
  3 endoplasms (D:1)
  A giant cockroach (D:1)
  8 goblins
  5 hobgoblins
  4 jackals (D:1)
  5 kobolds
  4 quokkas
  4 bats
  7 rats
68 creatures vanquished.

Notes
Turn   | Place    | Note
-------+----------+-------------------------------------------
     0 | D:1      | martinvanburen the Troll Berserker began the quest for the
                  | Orb.
     0 | D:1      | Reached XP level 1. HP: 22/22 MP: 0/0
    63 | D:1      | Reached XP level 2. HP: 15/29 MP: 1/1
   358 | D:1      | Reached XP level 3. HP: 13/36 MP: 2/2
   845 | D:2      | Reached skill level 3 in Dodging
   905 | D:2      | Reached ** piety under Trog
  1026 | D:2      | Reached XP level 4. HP: 44/44 MP: 3/3
  1071 | D:2      | Reached skill level 1 in Short Blades
  1948 | D:3      | You fall into a shaft and drop 2 floors!
  1948 | D:5      | Entered Level 5 of the Dungeon
  1949 | D:5      | Noticed a water moccasin
  1964 | D:5      | Killed a water moccasin
  1965 | D:5      | Reached XP level 5. HP: 35/53 MP: 4/4
  2039 | D:5      | Found a staircase to the Ecumenical Temple.
  2053 | D:5      | Reached XP level 6. HP: 61/61 MP: 5/5
  2096 | D:5      | Identified the +1 leather armour of the Depths {MP+9}
  2119 | Temple   | Entered the Ecumenical Temple
  2313 | D:5      | Found a sparkling altar of Nemelex Xobeh.
  2409 | D:5      | Reached skill level 4 in Dodging
  2555 | D:5      | HP: 3/91 [gnoll/+0 halberd[a gnoll bouda] (11)]
  2555 | D:5      | Slain by a gnoll bouda

Illustrated notes

Levels and vault maps discovered:
D:1:      psy_arrival_dodecagon, layout_basic
D:2:      layout_loops_corners
D:3:      layout_loops_cross, mainiacjoe_overflow_boulevard,
          lemuel_crystal_altar, hangedman_decor_points, uniq_grinder
D:5:      layout_basic, nemelex_diamond_rough_becter, minmay_temple_entry_waves
Temple:   nicolae_temple_no_exploring_needed

Skill      XL: |  1  2  3  4  5  6 |
---------------+-------------------+-----
Dodging        | 3 4 |  4.0
Short Blades   | 2 3 |  3.0
Fighting       | 3 |  3.3
Stealth        | |  0.5
Unarmed Combat | |  3.8

Action                     |  1- 3 |  4- 6 || total
---------------------------+-------+-------++-------
  Melee: Unarmed           |    24 |       ||    24
         Dagger            |    92 |   101 ||   193
         Punch             |     2 |     2 ||     4
 Invoke: Berserk           |     2 |     2 ||     4
         Trog's Hand       |       |     3 ||     3
   Stab: Sleeping          |       |     1 ||     1
 Armour: Animal skin       |    35 |    49 ||    84
  Dodge: Dodged            |    70 |    87 ||   157
